 Dungeon Crawl Stone Soup version 0.20-a0-553-g9f38e11 (webtiles) character file.

513299 AlphabetPasta the Barachian Blade (level 25, -1/203 HPs)
             Began as a Barachian Gladiator on Feb 1, 2017.
             Was the Champion of Okawaru.
             Slain by a frost giant
             ... wielding a +2 battleaxe of freezing
              (9 damage)
             ... on level 5 of the Depths on Feb 3, 2017.
             The game lasted 07:12:05 (68722 turns).

AlphabetPasta the Barachian Blade (BaGl)           Turns: 68722, Time: 07:12:07

Health: -1/203     AC: 36    Str: 26    XL:     25   Next: 61%
Magic:  34/34      EV: 21    Int: 11    God:    Okawaru [******]
Gold:   4852       SH:  4    Dex: 21    Spells: 24/24 levels left

rFire    . . .     SeeInvis +   a - +6 great sword (flame)
rCold    . . .     Gourm    .   d - +5 plate armour "Itenuusti" {rElec Regen+ Int+3}
rNeg     . . .     Faith    .   (shield currently unavailable)
rPois    +         Spirit   .   S - +2 helmet
rElec    +         Reflect  +   B - +2 cloak {+Inv}
rCorr    .         Harm     .   y - +0 pair of gloves "Bikylach" {Str+3 Dex+4}
MR       ++...                  V - +2 pair of boots of Insurance {rElec rPois}
Stlth    ..........             j - +4 amulet of reflection
Regen    0.9/turn               X - ring of see invisible
                                h - ring of Uxtad {MR+ Str+5}

@: very slightly contaminated, slow
A: swims, slowness 1, strong legs 2
}: 2/15 runes: serpentine, barnacled
a: Hop, Heroism, Finesse, Renounce Religion, Evoke Invisibility


You were on level 5 of the Depths.
You worshipped Okawaru.
Okawaru was exalted by your worship.
You were not hungry.

You visited 9 branches of the dungeon, and saw 44 of its levels.
You visited the Abyss 2 times.
You also visited: Labyrinth and Ice Cave.

You collected 6388 gold pieces.
You spent 1536 gold pieces at shops.

Inventory:

Hand Weapons
 a - a +6 great sword of flaming (weapon)
 b - the +9 arbalest of Iliniude {elec, rElec rC+}
   (Okawaru gifted it to you on level 1 of the Vaults)

   It charges the ammunition it shoots with electricity; occasionally upon a
   hit, such missiles may discharge and cause terrible harm.
   It protects you from cold.
   It insulates you from electricity.
 i - the +1 arbalest of Vuetz {penet, Int+2}
   (Okawaru gifted it to you on level 3 of the Elven Halls)

   Ammo fired by it will pass through the targets it hits, potentially hitting
   all targets in its path until it reaches maximum range.
   It affects your intelligence (+2).
 E - the +9 heavy crossbow "Sniper" {velocity, Acc+∞ SInv}
   (Okawaru gifted it to you on level 5 of the Depths)

   Any bolt fired from it inflicts extra damage.
   It lets you see invisible.
 I - the +10 zealot's sword {holy, *Rage rN+ EV+3}
   (You found it on level 2 of the Snake Pit)

   It has been blessed by the Shining One to cause great damage to the undead
   and demons.
   It affects your evasion (+3).
   It protects you from negative energy.
   It may make you go berserk in combat.
Missiles
 e - 2040 bolts
Armour
 d - the +5 plate armour "Itenuusti" (worn) {rElec Regen+ Int+3}
   (Okawaru gifted it to you on level 1 of the Snake Pit)

   It affects your intelligence (+3).
   It insulates you from electricity.
   It increases your rate of regeneration.
 y - the +0 pair of gloves "Bikylach" (worn) {Str+3 Dex+4}
   (You found it on level 6 of the Dungeon)

   It affects your strength (+3).
   It affects your dexterity (+4).
 B - a +2 cloak of invisibility (worn)
 S - a +2 helmet (worn)
 V - the +2 pair of boots of Insurance (worn) {rElec rPois}
   (Okawaru gifted it to you on level 2 of the Lair of Beasts)

   It insulates you from electricity.
   It protects you from poison.
Jewellery
 h - the ring of Uxtad (left hand) {MR+ Str+5}
   (You took it off a minotaur in a labyrinth)

   [ring of protection from magic]

   It affects your strength (+5).
   It affects your resistance to hostile enchantments.
 j - a +4 amulet of reflection (around neck)
 o - an uncursed ring of protection from cold
 t - an uncursed ring of resist corrosion
 F - an uncursed ring of protection from fire
 P - a +2 ring of slaying
 X - a ring of see invisible (right hand)
Wands
 n - a wand of iceblast (1/15)
 q - a wand of acid (10/15)
 v - a wand of lightning (4/15)
 J - a wand of digging (3/24)
 W - a wand of paralysis (13/24)
Scrolls
 g - 4 scrolls of magic mapping
 k - 11 scrolls of teleportation
 s - 8 scrolls of fog
 w - 13 scrolls of identify
 x - 5 scrolls of enchant weapon
 A - 7 scrolls of recharging
 C - 24 scrolls of remove curse
 H - 6 scrolls of fear
 M - a scroll of silence
 O - a scroll of blinking
Potions
 l - a potion of heal wounds
 m - 4 potions of haste
 p - 3 potions of cancellation
 u - 15 potions of curing
 D - 2 potions of might
 L - 4 potions of resistance
 N - 6 potions of flight
 U - a potion of ambrosia
 Z - 3 potions of agility
Miscellaneous
 r - a fan of gales
 z - 3 boxes of beasts
 G - a lamp of fire
 Q - a phial of floods
 Y - 2 phantom mirrors
Comestibles
 c - 8 chunks of flesh
 f - 23 bread rations
 K - 19 fruits
 T - 14 meat rations


   Skills:
 + Level 17.7 Fighting
 + Level 22.3 Long Blades
 * Level 18.8 Crossbows
 - Level 1.8 Throwing
 - Level 18.5 Armour
 - Level 18.1 Dodging
 - Level 8.0 Invocations
 - Level 15.0 Evocations


You had 24 spell levels left.
You didn't know any spells.

Dungeon Overview and Level Annotations

Branches:
Dungeon (15/15)            Temple (1/1) D:5            Lair (6/6) D:11
 Shoals (4/4) Lair:4        Snake (4/4) Lair:4        Slime (0/5) Lair:6
    Orc (2/2) D:10            Elf (3/3) Orc:2        Vaults (4/5) D:14
  Crypt (0/3) Vaults:3     Depths (5/5) D:15            Zot (0/5) Depths:5

Altars:
Cheibriados
Dithmenos
Elyvilon
Fedhas
Gozag
Hepliaklqana
Kikubaaqudgha
Makhleb
Nemelex Xobeh
Okawaru
Qazlal
Ru
Sif Muna
Trog
Uskayaw
Vehumet
Xom
Yredelemnul
Zin
The Shining One
Jiyva

Shops:
D:5 *   D:14 !   Orc:1 !   Orc:2 :}%*   Snake:2 !?   Snake:3 (   Snake:4 }=}[
Vaults:2 =   Vaults:4 [

Portals:
Hell: Depths:1 Depths:2 Depths:3 Depths:4
Abyss: Depths:1 Depths:4
Pandemonium: Depths:1 Depths:3
Ziggurat: Depths:4

Annotations:
Depths:2 3 runed doors


Innate Abilities, Weirdness & Mutations

You can swim through water.
You cover ground slowly.
You can hop longer distances.


Message History

* * * LOW HITPOINT WARNING * * *
The frost giant barely misses you.
You riposte.
You slice the frost giant!! You burn the frost giant!
The frost giant is heavily wounded.
You hear a shout!
You feel much better.
A frost giant comes into view. It is wielding a battleaxe of freezing.
You slash the frost giant! You burn the frost giant.
The frost giant is severely wounded.
The frost giant casts a spell at you. The bolt of cold hits you!
* * * LOW HITPOINT WARNING * * *
You hear rumbling.
You slash the frost giant! You burn the frost giant.
The frost giant is almost dead.
Some walls begin to move on their own!
The frost giant hits you with a battleaxe of freezing!!
* * * LOW HITPOINT WARNING * * *
The frost giant freezes you!
You die...

#.......)i#..##
#+....edC[#...##
#.......#)....#
###...###.T.⌠..#
## #### .......#
.# .........##.#
#########...#.#
.C......####C..
#..C@..T.E..
#..#.............
...
############## .


You could see a titan, 2 frost giants, a deep troll and an earth elemental.

Vanquished Creatures
  Mennas (Vaults:2)
  Bai Suzhen (Snake:4)
  Boris (twice) (Vaults:2 Depths:4)
  Saint Roka (Elf:2)
  Xtahua (Vaults:2)
  A caustic shrike (Depths:3)
  Nikola (Shoals:3)
  2 golden dragons (Depths:4)
  3 tentacled monstrosities
  The ghost of Geoffrax the Fencer, an adept DgGl (Vaults:1)
  Rupert (Lair:4)
  2 deep elf master archers (Elf:3)
  2 liches (Depths:2)
  Asterion (Elf:2)
  A quicksilver dragon (Depths:4)
  2 deep elf blademasters
  2 titans
  3 krakens (Shoals:3)
  The ghost of skewfiend the Severer, an adept MiFi of Gozag (Shoals:3)
  An Executioner (Abyss:2)
  Polyphemus (Shoals:3)
  Gastronok (Lair:3)
  3 tentacled starspawn (Abyss:2)
  A tengu reaver (Depths:4)
  5 sphinxes
  Roxanne (Snake:1)
  Donald (Elf:2)
  A shadow dragon (Depths:4)
  2 storm dragons (Depths:5)
  Ilsuiw (Shoals:4)
  10 nagarajas
  4 fire giants
  11 frost giants
  Louise (Shoals:4)
  2 iron dragons
  A draconian scorcher (Depths:5)
  A cacodemon (Abyss:2)
  4 deep elf sorcerers
  Aizul (Snake:2)
  4 vault wardens
  A draconian stormcaller (Depths:5)
  An orc warlord (Orc:1)
  6 deep elf elementalists (Elf:3)
  9 ironheart preservers
  11 very ugly things
  3 vampire knights (Depths:2)
  14 stone giants
  Azrael (Elf:2)
  A green draconian (Depths:5)
  The ghost of Asddderdsw the Thaumaturge, a journeyman DrEE (D:12)
  15 deep elf annihilators
  9 deep elf demonologists
  A yellow draconian (Depths:5)
  Snorg (D:10)
  4 merfolk javelineers
  2 spark wasps
  A red draconian (Depths:5)
  10 fire dragons
  An ettin (shapeshifter) (Depths:4)
  8 ettins
  10 deep elf death magi
  A minotaur (Lab)
  A blizzard demon (Abyss:2)
  Josephine (D:11)
  14 ogre magi
  4 great orbs of eyes
  7 merfolk impalers
  18 yaktaur captains
  6 ice dragons
  11 naga warriors
  7 deep elf high priests
  Harold (D:11)
  4 rakshasas
  3 hydras
  3 spriggan air magi
  5 catoblepae
  Erica (D:9)
  3 merfolk avatars
  4 anacondas
  10 merfolk aquamancers
  8 centaur warriors
  An alligator snapping turtle (Shoals:2)
  The ghost of alcopop the Destroyer, a journeyman TeFE of Vehumet (D:14)
  38 dancing weapons
  3 deep troll shamans
  A satyr (Shoals:4)
  10 death yaks
  5 deep troll earth magi
  34 two-headed ogres
  A two-headed ogre (shapeshifter) (Depths:4)
  6 tengu warriors
  5 orc high priests
  8 shock serpents
  Nergalle (D:10)
  12 spriggan berserkers
  14 naga sharpshooters
  2 shadow wraiths
  Sonja (Lair:1)
  3 soul eaters (Depths:4)
  A wretched star (Abyss:2)
  2 sun demons
  18 deep elf knights
  A salamander mystic (Snake:1)
  7 skeletal warriors
  6 unseen horrors
  16 deep trolls
  17 sea snakes
  A sixfirhy (Abyss:2)
  A hell knight (Depths:5)
  3 wizards
  4 flayed ghosts
  5 glowing orange brains
  5 naga ritualists
  A shadow demon (Depths:4)
  An obsidian statue (Depths:4)
  18 deep elf archers
  4 necromancers
  19 orc knights
  13 ironbrand convokers
  20 harpies
  A harpy (shapeshifter) (D:15)
  A wolf spider zombie (D:15)
  54 ugly things
  13 mana vipers
  2 wolf spiders
  A wolf spider (shapeshifter) (Depths:2)
  2 orb spiders (shapeshifter)
  A human zombie (Vaults:4)
  A fire giant zombie (Depths:3)
  24 manticores
  11 orc sorcerers
  21 fauns
  3 elephants (Lair:3)
  8 salamanders
  9 cyclopes
  50 deep elf magi
  13 vault sentinels
  2 guardian serpents (Snake:3)
  10 merfolk sirens
  A rust devil (Depths:4)
  2 ice statues
  38 black mambas
  9 water nymphs
  A fire giant skeleton (Depths:3)
  A water nymph (shapeshifter) (Depths:4)
  A guardian serpent (shapeshifter) (D:14)
  4 gargoyles
  18 naga magi
  A spiny frog (shapeshifter) (Vaults:2)
  6 orange demons
  15 spiny frogs
  5 spectral swamp worms (Depths:1)
  A spriggan skeleton (Depths:3)
  A rime drake (shapeshifter) (Depths:1)
  4 rime drakes
  A kobold demonologist (Depths:4)
  6 freezing wraiths
  5 komodo dragons
  A tormentor (Depths:3)
  4 ice devils
  59 yaktaurs
  A tengu conjurer (Depths:4)
  25 merfolk
  A merfolk (shapeshifter) (Vaults:1)
  10 trolls
  A harpy zombie (D:14)
  2 red devils
  A queen bee (Lair:2)
  2 ancient zymes (Abyss:2)
  A polar bear (shapeshifter) (Depths:4)
  20 polar bears
  11 hornets
  The ghost of Asddderdsw the Conjurer, an amateur DrCj (D:5)
  5 large abominations (Abyss:2)
  45 slime creatures
  16 snapping turtles
  7 wind drakes
  12 hippogriffs
  A shadow dragon simulacrum (Vaults:4)
  10 blink frogs
  Prince Ribbit (D:6)
  7 dream sheep
  A redback (Vaults:3)
  7 raiju (Abyss:2)
  5 starcursed masses (Abyss:2)
  10 air elementals
  A shadow (D:12)
  3 spriggans
  2 ettin skeletons (Vaults:4)
  61 yaks
  28 water elementals
  6 wraiths
  A yak (shapeshifter) (Vaults:1)
  5 ynoxinuls
  2 vampires
  6 wyverns
  A hog (shapeshifter) (D:10)
  7 basilisks
  9 fire elementals
  2 golden eyes (shapeshifter)
  5 hungry ghosts
  6 steam dragons
  47 nagas
  4 small abominations (Abyss:2)
  2 acid dragons
  A hell hound (Elf:2)
  10 water moccasins
  9 wargs
  3 porcupines
  58 orc warriors
  A swamp drake (D:11)
  10 ice beasts
  A sky beast (D:6)
  3 black bears
  3 eyes of draining
  2 necrophages
  2 phantoms
  11 boggarts
  13 wolves
  36 ogres
  20 centaurs
  19 crocodiles
  4 big kobolds
  14 bullfrogs
  8 earth elementals
  6 scorpions
  37 killer bees
  10 wights
  6 electric eels
  4 howler monkeys
  12 crimson imps
  A lava snake (Lair:6)
  4 centaur zombies
  3 quasits
  2 bullfrog zombies
  8 hounds
  6 jellies
  8 iron imps
  A bullfrog skeleton (D:5)
  6 centaur skeletons
  26 orc priests
  24 orc wizards
  4 iguanas
  A hell rat (Lair:2)
  10 worker ants
  2 hound zombies
  A howler monkey zombie (D:5)
  4 worker ant zombies
  4 gnolls (D:5)
  7 adders
  A river rat (Lair:2)
  8 shadow imps
  5 white imps
  2 ufetubi
  2 oozes
  An adder skeleton (D:3)
  2 worms
  6 dart slugs
  4 leopard geckos
  112 orcs
  5 giant cockroaches
  8 goblins
  6 hobgoblins
  11 jackals
  11 kobolds
  2 quokkas
  2 ball pythons (D:1)
  10 bats
  2 frilled lizards (D:1)
  2 leopard gecko zombies
  15 rats
  5 plants (Shoals:4)
  A tentacle (Shoals:3)
2077 creatures vanquished.

Vanquished Creatures (others)
  Vashnia (Snake:2)
  A deep elf master archer (Elf:3)
  2 very ugly things (Depths:2)
  A stone giant (Depths:3)
  2 yaktaur captains (Vaults:1)
  Fannar (D:11)
  A naga warrior (Snake:2)
  A centaur warrior (D:15)
  A death yak (Shoals:3)
  A deep elf knight (Elf:2)
  A sea snake (Shoals:4)
  An unseen horror (D:13)
  A wizard (Vaults:2)
  2 deep elf archers (Elf:1)
  3 harpies (Shoals:4)
  An ugly thing (Vaults:2)
  A cyclops (D:15)
  A naga mage (Snake:3)
  6 yaktaurs
  A rime drake (Shoals:3)
  2 merfolk
  2 orc warriors (Vaults:2)
  A boggart (Depths:4)
  A centaur (Depths:1)
  A bullfrog (D:7)
  An orc wizard (Vaults:2)
  An orc priest (Orc:2)
  2 orcs (Orc:2)
  18 fungi
  47 plants
  10 starspawn tentacles (Abyss:2)
  25 tentacles (Shoals:3)
141 creatures vanquished.

Grand Total: 2218 creatures vanquished

Notes
Turn   | Place    | Note
-------+----------+-------------------------------------------
     0 | D:1      | AlphabetPasta the Barachian Gladiator began the quest for the Orb.
     0 | D:1      | Reached XP level 1. HP: 16/16 MP: 1/1
   198 | D:1      | Reached XP level 2. HP: 18/23 MP: 2/2
   678 | D:1      | Reached XP level 3. HP: 25/28 MP: 3/3
  1205 | D:2      | Upgraded the game from 0.20-a0-548-g4f8a798 to 0.20-a0-549-g403078a
  1232 | D:2      | Reached skill level 4 in Long Blades
  1399 | D:2      | Reached XP level 4. HP: 34/34 MP: 4/4
  1742 | D:2      | Reached skill level 1 in Armour
  2145 | D:2      | Found a white marble altar of Elyvilon.
  2911 | D:3      | Reached XP level 5. HP: 39/41 MP: 5/5
  3155 | D:3      | Found a radiant altar of Vehumet.
  3350 | D:3      | Reached skill level 5 in Long Blades
  3367 | D:3      | Reached XP level 6. HP: 29/47 MP: 6/6
  4375 | D:4      | Reached XP level 7. HP: 35/54 MP: 7/7
  4468 | D:5      | Entered Level 5 of the Dungeon
  4501 | D:5      | Identified a scroll of acquirement
  4531 | D:5      | Found Iqolih's General Store.
  4541 | D:5      | Reached skill level 6 in Long Blades
  4756 | D:5      | Found a staircase to the Ecumenical Temple.
  4757 | D:5      | Noticed Asddderdsw's ghost (amateur DrCj)
  4791 | D:5      | Killed Asddderdsw's ghost
  4791 | D:5      | Reached skill level 5 in Fighting
  4791 | D:5      | Reached skill level 5 in Dodging
  4791 | D:5      | Reached XP level 8. HP: 26/62 MP: 8/8
  4794 | D:5      | Reached skill level 7 in Long Blades
  4805 | Temple   | Entered the Ecumenical Temple
  4828 | Temple   | Became a worshipper of Warmaster Okawaru
  5574 | D:6      | Reached skill level 1 in Invocations
  5899 | D:6      | Found a blossoming altar of Fedhas.
  6319 | D:6      | Reached skill level 8 in Long Blades
  6348 | D:6      | Got a pair of faintly humming gloves
  6354 | D:6      | Identified the +0 pair of gloves "Bikylach" {Str+3 Dex+4} (You found it on level 6 of the Dungeon)
  6356 | D:6      | Found a glowing silver altar of Zin.
  6384 | D:6      | Reached * piety under Okawaru
  6450 | D:6      | Reached skill level 5 in Armour
  6450 | D:6      | Reached XP level 9. HP: 66/69 MP: 10/10
  6893 | D:6      | Noticed Prince Ribbit
  6907 | D:6      | Killed Prince Ribbit
  7056 | D:7      | Found a deep blue altar of Sif Muna.
  7924 | D:8      | Reached skill level 9 in Long Blades
  7986 | D:8      | Found a deep blue altar of Sif Muna.
  8138 | D:8      | Reached ** piety under Okawaru
  8331 | D:8      | Reached XP level 10. HP: 50/77 MP: 12/12
  8588 | D:8      | Reached skill level 10 in Long Blades
  8618 | D:8      | Found an ancient bone altar of Kikubaaqudgha.
  8825 | D:9      | Identified Sif Muna's Incunabulum of the Cloudy Glacier
  8914 | D:9      | Noticed a two-headed ogre
  8917 | D:9      | Reached *** piety under Okawaru
  8918 | D:9      | Noticed Erica
  8928 | D:9      | Killed a two-headed ogre
  9026 | D:9      | Killed Erica
  9026 | D:9      | Reached **** piety under Okawaru
  9026 | D:9      | Reached skill level 5 in Invocations
  9193 | D:9      | Reached skill level 11 in Long Blades
  9218 | D:9      | Reached XP level 11. HP: 53/86 MP: 13/15
  9516 | D:9      | Received a gift from Okawaru
  9949 | D:10     | Entered Level 10 of the Dungeon
  9993 | D:10     | Found a staircase to the Orcish Mines.
 10162 | D:10     | Killed an unseen horror
 10162 | D:10     | Reached ***** piety under Okawaru
 10162 | D:10     | Reached skill level 1 in Crossbows
 10213 | D:10     | Noticed Snorg
 10231 | D:10     | Killed Snorg
 10450 | D:10     | Reached skill level 12 in Long Blades
 10550 | D:10     | Identified the +1 plate armour of Yredelemnul's Scorn {rPois rC+} (You found it on level 10 of the Dungeon)
 10700 | D:10     | Received a gift from Okawaru
 10828 | D:11     | Noticed Harold
 10924 | D:11     | Killed Harold
 10981 | D:11     | Noticed Josephine
 11076 | D:10     | Reached XP level 12. HP: 90/94 MP: 17/17
 11093 | D:11     | Killed Josephine
 11588 | D:11     | Found a staircase to the Lair.
 11751 | D:11     | Noticed Fannar
 11779 | D:11     | Killed Fannar
 12134 | D:12     | Received a gift from Okawaru
 12168 | D:12     | Noticed a two-headed ogre
 12179 | D:12     | Killed a two-headed ogre
 12179 | D:12     | Reached skill level 5 in Crossbows
 12569 | D:12     | Reached skill level 1 in Evocations
 12912 | D:12     | Reached skill level 13 in Long Blades
 13006 | D:12     | Noticed Asddderdsw's ghost (journeyman DrEE)
 13034 | D:12     | Killed Asddderdsw's ghost
 13387 | D:12     | Found a glowing golden altar of the Shining One.
 13651 | Lair:1   | Entered Level 1 of the Lair of Beasts
 13991 | Lair:1   | Gained mutation: You can hop longer distances. [Barachian growth]
 13991 | Lair:1   | Reached XP level 13. HP: 98/103 MP: 18/18
 14387 | Lair:1   | Noticed Sonja
 14391 | Lair:1   | Killed Sonja
 14437 | Lair:1   | Reached skill level 10 in Fighting
 14937 | Lair:1   | Received a gift from Okawaru
 15179 | Lair:2   | Received a gift from Okawaru
 15182 | Lair:2   | Got a pair of polished boots {god gift}
 15188 | Lair:2   | Identified the +2 pair of boots of Insurance {rElec rPois} (Okawaru gifted it to you on level 2 of the Lair of Beasts)
 15328 | Lair:2   | HP: 3/103 [death yak (18)]
 15762 | Lair:2   | Reached skill level 5 in Evocations
 16158 | Lair:2   | Reached skill level 14 in Long Blades
 16507 | Lair:2   | Reached skill level 10 in Armour
 16713 | Lair:3   | Found a frozen archway.
 16729 | IceCv    | Entered an ice cave
 16926 | IceCv    | Reached XP level 14. HP: 66/111 MP: 19/19
 17338 | IceCv    | Received a gift from Okawaru
 17535 | IceCv    | Noticed a frost giant
 17570 | IceCv    | Killed a frost giant
 17783 | Lair:3   | Reached skill level 10 in Dodging
 18004 | Lair:3   | Noticed Gastronok
 18024 | Lair:3   | Killed Gastronok
 18594 | Lair:4   | Found a staircase to the Shoals.
 18594 | Lair:4   | Noticed Rupert
 18620 | Lair:4   | Killed Rupert
 18900 | Lair:4   | Found a staircase to the Snake Pit.
 19481 | Lair:5   | You fall through a shaft!
 19481 | Lair:6   | Entered Level 6 of the Lair of Beasts
 19974 | Lair:5   | Reached skill level 15 in Long Blades
 20939 | Lair:6   | Received a gift from Okawaru
 21038 | Lair:6   | Found a runed door.
 21038 | Lair:6   | Found a viscous altar of Jiyva.
 21038 | Lair:6   | Found a staircase to the Slime Pits.
 21409 | Lair:6   | Upgraded the game from 0.20-a0-549-g403078a to 0.20-a0-550-gf70bbbc
 21494 | Lair:6   | Reached XP level 15. HP: 112/119 MP: 21/21
 21958 | Lair:6   | Received a gift from Okawaru
 22444 | Lair:6   | Identified the Disquisition on Ashen Boosts
 22589 | Lair:3   | You fall through a shaft for 2 floors!
 22592 | Lair:5   | Received a gift from Okawaru
 22788 | Orc:1    | Entered Level 1 of the Orcish Mines
 22799 | Orc:1    | Noticed Nergalle
 22821 | D:10     | Killed Nergalle
 23219 | Orc:1    | Received a gift from Okawaru
 23781 | Orc:1    | Found Hian Qonigg's Distillery.
 23790 | Orc:1    | Bought 2 potions of heal wounds for 140 gold pieces
 23790 | Orc:1    | Bought a potion of curing for 42 gold pieces
 23925 | Orc:2    | Entered Level 2 of the Orcish Mines
 23927 | Orc:2    | Noticed an orc warlord
 23960 | Orc:2    | Found a staircase to the Elven Halls.
 25159 | Orc:1    | Reached skill level 10 in Crossbows
 25187 | Orc:1    | Killed an orc warlord
 25574 | Orc:2    | Paralysed by an orc sorcerer for 5 turns
 25767 | Orc:2    | Found a shimmering altar of Xom.
 26908 | Orc:2    | Received a gift from Okawaru
 27060 | Orc:2    | HP: 4/120 [sun demon[an orc high priest] (13)]
 27925 | Orc:2    | Found Dodoply's Book Shoppe.
 27925 | Orc:2    | Found Adiakhev's Gadget Boutique.
 27927 | Orc:2    | Found Heaqezoc's Food Shoppe.
 27927 | Orc:2    | Found Beggauk's Assorted Antiques.
 27951 | Orc:2    | Bought a bronze wand for 128 gold pieces
 28179 | D:13     | Received a gift from Okawaru
 28388 | D:13     | Reached ****** piety under Okawaru
 28943 | D:13     | Reached skill level 16 in Long Blades
 29435 | D:13     | Reached XP level 16. HP: 64/127 MP: 23/23
 29659 | D:14     | Received a gift from Okawaru
 29681 | D:14     | Noticed alcopop's ghost (journeyman TeFE)
 29716 | D:14     | Killed alcopop's ghost
 29742 | D:14     | Found a labyrinth entrance.
 29759 | Lab      | Entered a labyrinth
 30885 | Lab      | Got a coiled tin ring
 30888 | Lab      | Got an ancient spear {vamp}
 30893 | Lab      | Identified the ring of Uxtad {MR+ Str+5} (You took it off a minotaur in a labyrinth)
 30957 | D:14     | Received a gift from Okawaru
 30979 | D:14     | Reached skill level 10 in Evocations
 31407 | D:14     | Found Tuevufu's Distillery.
 31413 | D:14     | Bought 2 potions of heal wounds for 140 gold pieces
 31413 | D:14     | Bought a potion of heal wounds for 70 gold pieces
 31413 | D:14     | Bought a potion of haste for 140 gold pieces
 31413 | D:14     | Bought a potion of heal wounds for 70 gold pieces
 31951 | D:14     | Found a gate to the Vaults.
 32243 | D:15     | Entered Level 15 of the Dungeon
 33108 | D:15     | Received a gift from Okawaru
 33211 | D:15     | Received a gift from Okawaru
 33214 | D:15     | Got a fine triple crossbow {god gift}
 33215 | D:15     | Identified the +8 triple crossbow of Outrage {freeze, MP+9} (Okawaru gifted it to you on level 15 of the Dungeon)
 33262 | D:15     | Found a sacrificial altar of Ru.
 34023 | D:15     | Reached skill level 17 in Long Blades
 34154 | D:15     | Found a staircase to the Depths.
 34161 | D:15     | Reached XP level 17. HP: 128/135 MP: 25/25
 34380 | Shoals:1 | Entered Level 1 of the Shoals
 34726 | Shoals:1 | Received a gift from Okawaru
 35066 | Shoals:2 | Received a gift from Okawaru
 36113 | Shoals:3 | Noticed skewfiend's ghost (adept MiFi)
 36170 | Shoals:3 | Killed skewfiend's ghost
 36450 | Shoals:3 | Noticed a kraken
 36904 | Shoals:3 | Killed a kraken
 37441 | Shoals:3 | Noticed Polyphemus
 37723 | Shoals:3 | Killed Polyphemus
 37739 | Shoals:3 | Received a gift from Okawaru
 38076 | Shoals:3 | Received a gift from Okawaru
 38077 | Shoals:3 | Noticed Nikola
 38350 | Shoals:3 | Killed Nikola
 38358 | Shoals:3 | Noticed a kraken
 38372 | Shoals:3 | Killed a kraken
 38515 | Shoals:3 | Received a gift from Okawaru
 38515 | Shoals:3 | Reached XP level 18. HP: 140/144 MP: 27/27
 38696 | Shoals:4 | Entered Level 4 of the Shoals
 38696 | Shoals:4 | Noticed Ilsuiw
 39016 | Shoals:3 | Reached skill level 18 in Long Blades
 40086 | Shoals:4 | Noticed Louise
 40090 | Shoals:4 | Cast into level 2 of the Abyss (Louise)
 40444 | Abyss:2  | Gained mutation: You occasionally shout uncontrollably at your foes. [a cacodemon]
 41094 | Shoals:4 | Escaped the Abyss
 41654 | Shoals:4 | Killed Louise
 41680 | Shoals:4 | Received a gift from Okawaru
 42197 | Shoals:4 | Identified the amulet "Conuomn" {Reflect rPois rC- Str+3 Int+7 SH+4} (You took it off a merfolk impaler on level 4 of the Shoals)
 43052 | Shoals:4 | Received a gift from Okawaru
 43061 | Shoals:4 | Got a barnacled rune of Zot
 43263 | Shoals:4 | Killed Ilsuiw
 43263 | Shoals:4 | Reached XP level 19. HP: 152/152 MP: 28/28
 43417 | Snake:1  | Entered Level 1 of the Snake Pit
 43956 | Snake:1  | Noticed Roxanne
 43965 | Snake:1  | Killed Roxanne
 43965 | Snake:1  | Received a gift from Okawaru
 43968 | Snake:1  | Identified the +5 plate armour "Itenuusti" {rElec Regen+ Int+3} (Okawaru gifted it to you on level 1 of the Snake Pit)
 44620 | Snake:2  | Reached skill level 19 in Long Blades
 44983 | Snake:2  | Noticed Aizul
 45001 | Snake:2  | Killed Aizul
 45040 | Snake:2  | Found Icvioxt's Magic Scroll Emporium.
 45040 | Snake:2  | Found Daroj's Distillery.
 45040 | Snake:2  | Noticed Vashnia
 45068 | Snake:2  | Killed Vashnia
 45102 | Snake:2  | Bought a scroll of teleportation for 57 gold pieces
 45102 | Snake:2  | Bought a scroll of blinking for 142 gold pieces
 45102 | Snake:2  | Bought a scroll of teleportation for 57 gold pieces
 45108 | Snake:2  | Bought a potion of curing for 30 gold pieces
 45108 | Snake:2  | Bought a potion of heal wounds for 50 gold pieces
 45108 | Snake:2  | Bought a potion of resistance for 100 gold pieces
 45696 | Snake:3  | Found Hanarest's Weapon Emporium.
 46487 | Snake:4  | Entered Level 4 of the Snake Pit
 46606 | Snake:4  | Received a gift from Okawaru
 46636 | Snake:4  | Found Tuitec's Gadget Boutique.
 46636 | Snake:4  | Found Hakhad's Jewellery Emporium.
 46637 | Snake:4  | Found Xiwehyob's Gadget Boutique.
 46995 | Snake:4  | Reached XP level 20. HP: 48/160 MP: 29/29
 47280 | Snake:4  | Found Nerro's Armour Emporium.
 47882 | Snake:4  | Received a gift from Okawaru
 48013 | Snake:4  | Received a gift from Okawaru
 48099 | Snake:4  | Noticed Bai Suzhen
 48118 | Snake:4  | Killed Bai Suzhen
 48235 | Snake:4  | Got a serpentine rune of Zot
 48633 | Vaults:1 | Entered Level 1 of the Vaults
 48839 | Vaults:1 | Paralysed by a hornet for 2 turns
 48921 | D:14     | Reached skill level 20 in Long Blades
 49097 | Vaults:1 | Noticed Geoffrax's ghost (adept DgGl)
 49112 | Vaults:1 | Killed Geoffrax's ghost
 49285 | Vaults:1 | Reached skill level 15 in Crossbows
 49586 | Vaults:1 | Received a gift from Okawaru
 49743 | Vaults:1 | Received a gift from Okawaru
 49755 | Vaults:1 | Got a translucent arbalest {god gift}
 49756 | Vaults:1 | Identified the +9 arbalest of Iliniude {elec, rElec rC+} (Okawaru gifted it to you on level 1 of the Vaults)
 49975 | Vaults:1 | Reached skill level 15 in Fighting
 50799 | Vaults:1 | Reached XP level 21. HP: 168/168 MP: 31/31
 50810 | Vaults:1 | Received a gift from Okawaru
 50817 | Vaults:1 | Identified the +1 plate armour of the Dragon {+Fly rF- rN+ rCorr} (Okawaru gifted it to you on level 1 of the Vaults)
 51316 | Vaults:2 | Noticed Mennas
 51359 | Vaults:2 | Killed Mennas
 51771 | Vaults:2 | Found Gekkish's Jewellery Shop.
 52551 | Vaults:2 | Noticed Xtahua
 52563 | Vaults:2 | Killed Xtahua
 52589 | Vaults:2 | Noticed Boris
 52597 | Vaults:2 | Killed Boris
 53640 | Vaults:3 | Reached skill level 15 in Armour
 53700 | Vaults:3 | Found a staircase to the Crypt.
 54087 | Vaults:3 | Received a gift from Okawaru
 54833 | Vaults:3 | Received a gift from Okawaru
 54833 | Vaults:3 | Reached skill level 21 in Long Blades
 55039 | Vaults:4 | Found Juwev's Antique Armour Shoppe.
 55047 | Vaults:4 | Bought a polished cloak for 370 gold pieces
 55047 | Vaults:4 | Identified the -7 cloak of the Blind Marksman {-Cast Dex+10} (You bought it in a shop on level 4 of the Vaults)
 55136 | Vaults:4 | Reached XP level 22. HP: 172/177 MP: 32/32
 55342 | Vaults:4 | Paralysed by a hornet for 1 turns
 55403 | Vaults:4 | Received a gift from Okawaru
 56993 | Vaults:4 | Upgraded the game from 0.20-a0-550-gf70bbbc to 0.20-a0-551-gc8f91ca
 57052 | Vaults:4 | Reached skill level 15 in Dodging
 57290 | Elf:1    | Entered Level 1 of the Elven Halls
 57546 | Elf:1    | Received a gift from Okawaru
 58193 | Elf:2    | Noticed Azrael
 58209 | Elf:2    | Killed Azrael
 58296 | Elf:2    | Found a runed gate.
 58296 | Elf:2    | Found a runed gate.
 58298 | Elf:2    | Found a runed gate.
 58365 | Elf:2    | Received a gift from Okawaru
 58698 | Elf:2    | Noticed Donald
 58702 | Elf:2    | Noticed Saint Roka
 58729 | Elf:2    | Killed Donald
 58747 | Elf:2    | Received a gift from Okawaru
 58788 | Elf:2    | Killed Saint Roka
 58788 | Elf:2    | Reached XP level 23. HP: 77/184 MP: 25/34
 59274 | Elf:2    | Noticed Asterion
 59288 | Elf:2    | Killed Asterion
 59530 | Elf:3    | Entered Level 3 of the Elven Halls
 60132 | Elf:3    | Received a gift from Okawaru
 60337 | Elf:3    | Cast into level 2 of the Abyss (a deep elf demonologist)
 60337 | Abyss:2  | Found a sparkling altar of Nemelex Xobeh.
 60337 | Abyss:2  | Found a corrupted altar of Lugonu.
 60447 | Abyss:2  | Reached skill level 15 in Evocations
 60530 | Abyss:2  | Found a corrupted altar of Lugonu.
 60579 | Elf:3    | Escaped the Abyss
 60915 | Elf:3    | Lost mutation: You occasionally shout uncontrollably at your foes. [potion of cure mutation]
 60966 | Elf:3    | Received a gift from Okawaru
 61016 | Elf:3    | Received a gift from Okawaru
 61191 | Elf:3    | Identified the +1 arbalest of Vuetz {penet, Int+2} (Okawaru gifted it to you on level 3 of the Elven Halls)
 61754 | Elf:3    | Received a gift from Okawaru
 61976 | Elf:3    | Identified the Volume of Transmutation
 62254 | Elf:3    | Received a gift from Okawaru
 62674 | D:15     | Upgraded the game from 0.20-a0-551-gc8f91ca to 0.20-a0-553-g9f38e11
 62675 | Depths:1 | Entered Level 1 of the Depths
 62721 | Depths:1 | Found a one-way gate to the infinite horrors of the Abyss.
 62832 | Depths:1 | Reached XP level 24. HP: 193/193 MP: 34/34
 63214 | Depths:1 | Found a gateway to Hell.
 63337 | Depths:1 | Found a one-way gate leading to the halls of Pandemonium.
 64143 | Depths:2 | Received a gift from Okawaru
 64158 | Depths:2 | Received a gift from Okawaru
 64163 | Depths:2 | Identified the -1 pair of boots of the Hanged Man {rElec rPois MP+9 Str-5} (Okawaru gifted it to you on level 2 of the Depths)
 64851 | Depths:2 | Reached skill level 22 in Long Blades
 65178 | Depths:3 | Noticed a caustic shrike
 65189 | Depths:3 | Killed a caustic shrike
 65397 | Depths:2 | Found a runed door.
 65414 | Depths:2 | Found a runed door.
 65419 | Depths:2 | Found a runed door.
 65427 | Depths:2 | Found a runed door.
 65465 | Depths:2 | Got an ivory great sword
 65466 | Depths:2 | Identified the cursed +2 great sword of Spring {slice, rElec rC+ rN+ Int-2 SInv} (You found it on level 2 of the Depths)
 65482 | Depths:2 | Identified the Grimoire of Fiery Black Arts
 66473 | Depths:4 | Found a gateway to a ziggurat.
 66648 | Depths:4 | Reached XP level 25. HP: 201/201 MP: 34/34
 66681 | Depths:4 | Identified the cursed +0 cloak of the Undertaker {rPois rN++ Dex-5 Slay+4} (You found it on level 4 of the Depths)
 66804 | Depths:4 | Received a gift from Okawaru
 68162 | Depths:4 | Noticed Boris
 68175 | Depths:4 | Killed Boris
 68480 | Depths:5 | Entered Level 5 of the Depths
 68598 | Depths:5 | Found a gate to the Realm of Zot.
 68627 | Depths:5 | Received a gift from Okawaru
 68719 | Depths:5 | HP: 4/203 [frost giant/bolt of cold (37)]
 68722 | Depths:5 | Slain by a frost giant

Vault maps used:
D:1:      tarquinn_simple_flora_water_c, serial_bayou_pond_a
D:2:      marbit_many_paths, first_bread
D:3:      old_standard_altar
D:5:      minmay_temple_entry_statues_pillars, serial_shops, shop
D:6:      old_standard_altar, basic_altar, kennysheep_potato,
          uniq_prince_ribbit1
D:7:      basic_altar, lemuel_flame_loot_1
D:8:      lemuel_doored_altar, lemuel_crystal_altar, grunt_ogre_cave,
          kennysheep_small_circle
D:9:      uniq_erica
D:10:     orc_0_dummy, uniq_snorg
D:11:     erik_lair_dragon, uniq_josephine, uniq_fannar, uniq_harold
D:12:     nicolae_tso_swordbearing_angel
D:13:     einodemon_barbed_minivault
D:14:     erik_vaults_1, serial_shops, nicolae_shop_crystal, lab_entry_generic,
          minmay_misc_feat_plants
D:15:     grunt_enter_depths_snipers, nrook_uturn,
          nicolae_ru_sacrificial_ziggurat
Temple:   eino_temple_scatter_basement
Lair:1:   lemuel_fruit_fields, uniq_sonja
Lair:2:   regret_index_combs_of_tragedy, ice2_lemuel, lemuel_fruit_fields
Lair:3:   portal_ice_cave_entry_pillars_1, st_stairs_13, serial_bayou_lagoon_a,
          uniq_gastronok
Lair:4:   minmay_shoals_entry_centaurs, guppyfry_snake_entry_garden,
          minmay_hedge_maze, serial_bayou_shore_b, uniq_rupert
Lair:6:   evilmike_catoblepas_cave, slime_altar_2, serial_forest,
          infiniplex_forest_clump_small, infiniplex_forest_clump_curved,
          infiniplex_forest_end_3, infiniplex_forest_straight_3,
          infiniplex_forest_clump_small, infiniplex_forest_end_2,
          serial_bayou_pond_a, serial_bayou_shore_b
Shoals:1: nicolae_shoals_stone_sculpture_thing, overgrown_hall
Shoals:2: cheibrodos_shoals_epimethial_gifts
Shoals:3: nicolae_shoals_drake_roost, uniq_polyphemus, uniq_nikola
Shoals:4: shoals_end_grunt_garden, shoal_ilsuiw, uniq_louise
Snake:1:  st_stairs_7, lemuel_fruit_tree, uniq_roxanne
Snake:2:  minmay_shoptagon, uniq_vashnia, uniq_aizul
Snake:3:  serial_shops, shop, grunt_megastairs_4, basic_stair_grate_trap
Snake:4:  minmay_snake_end_coiled, serial_shops, nicolae_shop_crystal,
          minmay_shop_grove, uniq_bai_suzhen
Orc:1:    serial_shops, shop, uniq_nergalle
Orc:2:    grunt_orc_tribal_feast, basic_altar
Elf:1:    eino_elf_arrival_shootout, minivault_28,
          serial_sigils_hangedman_confine
Elf:2:    minivault_14, uniq_asterion, uniq_azrael, uniq_donald, uniq_saint_roka
Elf:3:    minmay_elf_hall_four_x, hangedman_elven_ridges
Vaults:1: v_alt_pattern_5, nicolae_vaults_sealed_display,
          nicolae_vaults_alarming, vaults_mumra_hexcomb, v_misc_27,
          ontoclasm_vaults_ligature, vaults_room_large_hall,
          nicolae_vaults_little_squares_3
Vaults:2: v_misc_32, v_misc_17, hangedman_vaults_stretched_pinwheel,
          vaults_dpeg_ring, vaults_mumra_lcd, grunt_vaults_focal,
          nicolae_vaults_mini_display_case, v_misc_12, ontoclasm_vaults_idyll,
          vaults_room_door_ring, nicolae_vaults_ring_of_whatevers,
          vaults_dpeg_diagonal, serial_shops, nicolae_shop_window_shopping,
          serial_glass, uniq_xtahua, uniq_mennas, uniq_boris
Vaults:3: hangedman_vaults_trim, grunt_vaults_hallway_long,
          hangedman_vaults_pinch, v_alt_pattern_2, v_misc_27,
          minmay_crypt_entry_simple_corners, v_misc_4, nicolae_vaults_rhombus_7,
          ontoclasm_vaults_spin, ontoclasm_vaults_fault, ontoclasm_vaults_pinch
Vaults:4: nicolae_vaults_twisting_passages, nicolae_vaults_lopsided_apartments,
          vaults_mumra_chevron, grunt_vaults_hallway_long,
          ontoclasm_vaults_decontamination, v_pattern_5, ontoclasm_vaults_idyll,
          hangedman_vaults_restitches, vaults_room_corners,
          hangedman_vaults_cutoff, nicolae_vaults_little_squares_4,
          serial_ice_h, vaults_room_hallway, serial_shops, nicolae_shop_crystal
Depths:1: minmay_misc_feat_ornament, pf_hell_entry_tar_river,
          nicolae_abyss_entry_one_way_or_another, pan_entry,
          kennysheep_crisscross, kennysheep_boxes
Depths:2: impenetrable_vault, minmay_holes, pf_vacation_house_of_asmodeus,
          infiniplex_staircase_river
Depths:3: evilmike_cross, roderic_roman_lattice, rand_demon_pan_entry_5,
          hell_entry, nicolae_benzene_ring, spider_trap
Depths:4: minmay_stepped, enter_ziggurat_d, grunt_hell_entry_demonic_statue,
          marbit_kobold_abyss_entry, nicolae_water_bricks, st_stairs_2,
          serial_bayou_shore_b, uniq_boris
Depths:5: grunt_zot_entry_tricorne, minmay_stone_trees_small, hell_entry,
          serial_bayou_shore_b
Lab:      labyrinth_green, nicolae_lab_flowing_pool, labyrinth_skeletal_remains
IceCv:    ice_cave_caverns_03

Skill      XL: |  1  2  3  4  5  6  7  8  9 10 11 12 13 14 15 16 17 18 19 20 21 22 23 24 25 |
---------------+----------------------------------------------------------------------------+-----
Long Blades    | 4 5 6 8 9 11 12 13 14 15 16 17 18 19 20 21 22 | 22.3
Fighting       | 3 4 5 6 8 9 10 11 12 13 14 15 16 17 | 17.7
Armour         | 1 2 3 4 5 6 7 8 9 10 11 12 13 14 15 16 17 18 | 18.5
Dodging        | 4 5 6 7 8 9 10 11 12 13 14 15 16 17 18 | 18.1
Invocations    | 2 3 5 6 7 8 |  8.0
Crossbows      | 3 6 7 9 10 11 12 13 14 15 16 17 18 | 18.8
Evocations     | 2 5 8 9 11 12 13 14 15 | 15.0
Throwing       | |  1.8

Action                   |  1- 3 |  4- 6 |  7- 9 | 10-12 | 13-15 | 16-18 | 19-21 | 22-24 | 25-27 || total
-------------------------+-------+-------+-------+-------+-------+-------+-------+-------+-------++-------
Melee: Long sword        |   119 |   272 |   463 |   110 |       |       |       |       |       ||   964
       Scimitar          |       |       |       |   640 |  1956 |   644 |       |       |       ||  3240
       Punch             |       |       |       |     1 |     4 |    13 |       |       |     2 ||    20
       Great sword       |       |       |       |       |    53 |   481 |   978 |   920 |   214 ||  2646
       Eudemon blade     |       |       |       |       |       |       |    16 |    12 |    10 ||    38
 Fire: Hand crossbow     |       |       |       |    23 |    71 |       |       |       |       ||    94
       Arbalest          |       |       |       |     2 |    21 |    97 |   362 |   882 |   169 ||  1533
       Triple crossbow   |       |       |       |       |       |   430 |   375 |       |       ||   805
Throw: Throwing net      |     1 |     1 |     4 |       |     1 |     1 |       |       |       ||     8
       Tomahawk          |       |       |     3 |     2 |     1 |       |       |       |       ||     6
Invok: Heroism           |       |       |       |     9 |    15 |    18 |    10 |     7 |     5 ||    64
       Finesse           |       |       |       |     3 |     7 |     7 |     5 |     3 |       ||    25
 Abil: Hop               |       |     1 |     1 |     1 |     5 |     5 |     3 |     7 |       ||    23
       Evoke Invisibilit |       |       |       |       |     2 |     6 |     2 |     2 |       ||    12
       Turn Visible      |       |       |       |       |       |       |       |     1 |       ||     1
Evoke: Wand              |       |       |       |     3 |     6 |     2 |       |     6 |       ||    17
  Use: Scroll            |     4 |     7 |    15 |     9 |    13 |    13 |     8 |    15 |     3 ||    87
       Potion            |       |     1 |     3 |     3 |     9 |     9 |     4 |     2 |     3 ||    34
 Stab: Invisible         |       |       |     5 |     8 |    10 |    40 |     6 |     3 |       ||    72
       Held in net/web   |       |       |     3 |       |       |       |       |       |       ||     3
       Distracted        |       |       |       |       |     1 |       |       |       |       ||     1
       Confused          |       |       |       |       |       |     1 |       |       |       ||     1
       Petrified         |       |       |       |       |       |     4 |       |       |       ||     4
       Petrifying        |       |       |       |       |       |     1 |       |       |       ||     1
  Eat: Chunk             |     2 |     9 |    14 |    15 |    39 |    35 |    29 |    32 |     3 ||   178
       Fruit             |       |     2 |     2 |     2 |       |    15 |     5 |     4 |       ||    30
       Royal jelly       |       |       |       |     2 |     6 |     2 |     5 |     3 |     2 ||    20
       Meat ration       |       |       |       |       |     1 |       |       |       |       ||     1
       Bread ration      |       |       |       |       |       |     1 |       |       |       ||     1
Armor: Leather armour    |    18 |       |       |       |       |       |       |       |       ||    18
       Ring mail         |     9 |       |       |       |       |       |       |       |       ||     9
       Scale mail        |     7 |   109 |   150 |    13 |       |       |       |       |       ||   279
       Chain mail        |       |     8 |       |   123 |       |       |       |       |       ||   131
       Plate armour      |       |       |       |   174 |   918 |   702 |   546 |   431 |   101 ||  2872
Dodge: Dodged            |    91 |   119 |   236 |   252 |   846 |   986 |   751 |   641 |   232 ||  4154
Block: Other             |       |    18 |    83 |    89 |   284 |   240 |   161 |   151 |    35 ||  1061
       Reflection        |       |       |     1 |     1 |     5 |    22 |    27 |    21 |     1 ||    78
       Rpst.: Long sword |    26 |    26 |    67 |     9 |       |       |       |       |       ||   128
       Scimitar          |       |       |       |    44 |   216 |    98 |       |       |       ||   358
       Great sword       |       |       |       |       |     5 |    86 |   138 |   119 |    34 ||   382
       Eudemon blade     |       |       |       |       |       |       |     3 |       |     4 ||     7
